 Dungeon Crawl Stone Soup version 0.27-a0-12-g5dcdf963e0 (webtiles) character file.

Game seed: 15511284515741067018

14177 DocSulfur the Covert (level 12, -13/57 (59) HPs)
             Began as a Kobold Enchanter on Jan 2, 2021.
             Was a Priest of Dithmenos.
             Hit by a silver javelin thrown by a minotaur (40 damage)
             ... in a Gauntlet.
             The game lasted 01:56:01 (18151 turns).

DocSulfur the Covert (Kobold Enchanter)            Turns: 18151, Time: 01:56:01

HP:   -13/57 (59)   AC:  9    Str:  5    XL:     12   Next: 41%
MP:   30/30         EV: 18    Int: 23    God:    Dithmenos [***...]
Gold: 613           SH:  7    Dex: 20    Spells: 11/23 levels left

rFire    . . .     SeeInvis .   j - +2 short sword (elec)
rCold    . . .     Faith    .   G - +0 buckler
rNeg     . . .     Spirit   .   R - +1 robe {Archmagi}
rPois    .         Reflect  .   y - +0 hat
rElec    .         Harm     .   Q - +2 cloak
rCorr    .         Rampage  .   i - +0 pair of gloves
Will     .....     NoTele   +   f - +1 pair of boots
Stlth    +++++++++.             (no amulet)
HPRegen  0.19/turn              c - +6 ring of intelligence
MPRegen  0.22/turn              F - ring of magical power

@: wreathed by umbra, lightly drained
A: small, nightstalker 3
a: Renounce Religion, Shadow Step


You were in a Gauntlet.
You worshipped Dithmenos.
Dithmenos was most pleased with you.
You visited 2 branches of the dungeon, and saw 13 of its levels.
You also visited: Gauntlet.

You collected 613 gold pieces.

Inventory:

Hand Weapons
 a - a +2 dagger
 j - a +2 short sword of electrocution (weapon)
 D - a +0 rapier
 E - a +2 dagger of freezing
 I - a +1 short sword of holy wrath
 S - a +4 scimitar of flaming
Missiles
 o - 48 poisoned darts
 t - 11 boomerangs
 H - 2 atropa-tipped darts (quivered)
Armour
 e - a +0 ring mail
 f - a +1 pair of boots (worn)
 i - a +0 pair of gloves (worn)
 w - a +2 robe of willpower
 y - a +0 hat (worn)
 G - a +0 buckler (worn)
 P - the +3 scale mail "Saemis" {Harm +Inv Int-3}
   (You found it on level 10 of the Dungeon)

   It affects your intelligence (-3).
   It lets you turn invisible.
   It increases damage dealt and taken.
 Q - a +2 cloak (worn)
 R - a +1 robe of the Archmagi (worn)
Jewellery
 b - an uncursed ring of protection from fire {unknown}
 c - a +6 ring of intelligence (left hand)
 h - an uncursed ring of protection from cold
 u - an uncursed ring of ice
 C - an uncursed ring of positive energy
 F - a ring of magical power (right hand)
 L - an uncursed ring of flight
 N - an uncursed ring of positive energy
Wands
 r - a wand of paralysis (1)
 A - a wand of flame (20)
 O - a wand of random effects (17)
Scrolls
 g - a scroll of remove curse
 n - 2 scrolls of fog
 J - 2 scrolls of magic mapping
 K - a scroll of amnesia
 M - 5 scrolls of teleportation
Potions
 d - 2 potions of curing
 k - a potion of magic
 l - a potion of might {unknown}
 m - a potion of invisibility {unknown}
 p - 2 potions of haste {unknown}
 q - 2 potions of heal wounds {unknown}
 s - 3 potions of brilliance {unknown}
 v - 2 potions of attraction {unknown}
 x - a potion of berserk rage {unknown}
 z - a potion of flight {unknown}
 B - a potion of mutation {unknown}


   Skills:
 - Level 10.3 Short Blades
 - Level 4.0 Throwing
 * Level 3.5 Armour
 - Level 4.9 Dodging
 - Level 11.6 Stealth
 * Level 4.9 Shields
 - Level 6.0 Spellcasting
 - Level 4.0 Conjurations
 + Level 8.1 Hexes
 - Level 6.0 Ice Magic
 * Level 5.8 Evocations


You had 11 spell levels left.
You knew the following spells:

 Your Spells              Type           Power        Failure   Level
a - Corona                Hex            67%          1%          1
b - Ensorcelled Hibernat  Hex/Ice        100%         1%          2
c - Confusing Touch       Hex            61%          1%          3
d - Tukima's Dance        Hex            61%          1%          3
e - Dazzling Flash        Conj/Hex       100%         2%          3

Your spell library contained the following spells:

 Spells                   Type           Power        Failure   Level
 Magic Dart               Conj           100%         1%          1
 Searing Ray              Conj           74%          2%          2
 Fulminant Prism          Conj/Hex       25%          7%          4
 Sting                    Tmut/Pois      40%          9%          1
 Poisonous Vapours        Pois/Air       20%          13%         2
 Mephitic Cloud           Conj/Pois/Air  19%          16%         3
 Ignite Poison            Fire/Tmut/Pois 10%          26%         3
 Iskenderun's Mystic Bla  Conj/Tloc      24%          36%         4
 Olgreb's Toxic Radiance  Pois           10%          65%         4


Dungeon Overview and Level Annotations

Branches:
Dungeon (12/15)            Temple (1/1) D:6            Lair (0/6) D:9
    Orc (0/2) D:12        Gauntlet (1/1)

Altars:
Ashenzari
Cheibriados
Dithmenos
Elyvilon
Fedhas
Gozag
Hepliaklqana
Kikubaaqudgha
Makhleb
Nemelex Xobeh
Okawaru
Qazlal
Ru
Sif Muna
Trog
Uskayaw
Vehumet
Wu Jian
Xom
Yredelemnul
Zin
The Shining One

Shops:
D:9 [

Annotations:
D:4 3 runed translucent doors, Veteran's ghost, amateur DDFi
D:6 exclusion: vampire
D:8 exclusion: spectral thing
D:10 exclusions: player ghost and spectral thing, kelmiir's ghost, journeyman MiFi Gauntlet 5 transporters


Innate Abilities, Weirdness & Mutations

You are small and have problems with some larger weapons.
You are completely attuned to the shadows.


Message History

Throw: throwing net
Press: ? - help, Q - select action, (/) - cycle Shift-Dir - straight line, f - minotaur
Aim: a minotaur, wielding the +2 trident of Pealonietu {drain, Int+5}, wearing a +1 plate armour of poison resistance, wearing a +1 kite shield of poison resistance, wearing the ring "Lilol" {Wiz rC+ Int+6} and quivering 16 silver javelins (wandering, hasn't noticed you, umbra)
You throw a throwing net. The minotaur blocks the throwing net.
The minotaur bellows!
The minotaur hits you from afar with the cursed +2 trident of Pealonietu {drain, Int+5}!
You feel drained.
Annotate which branch? (. - Gauntlet, ? - help, ! - show branch list)
Okay, then.
Okay, then.
Okay, then.
Throw: 2 darts (atropa)
Press: ? - help, Q - select action, (/) - cycle Shift-Dir - straight line, f/p - minotaur
Aim: a minotaur, wielding the +2 trident of Pealonietu {drain, Int+5}, wearing a +1 plate armour of poison resistance, wearing a +1 kite shield of poison resistance, wearing the ring "Lilol" {Wiz rC+ Int+6} and quivering 16 silver javelins (umbra, chance to blind on hit: 16%)
Okay, then.
The minotaur throws a silver javelin.
The silver javelin pierces through you!
The minotaur throws a silver javelin.
The silver javelin pierces through you!!!
Ouch! That really hurt!
You die...

#≈≈.#..#©#. ##≈.#.#.#.#
### ##.#.#.#.#
##≈###..#..#.#.
#≈≈≈#...#######
########...#...#8..©#.
#..........#.8.#©...#.
##.##.###.8.#.⌠.#8.)©#.
#8....@...©.#.8.#######
#.....#.#.8.#...#.?.©..
#####.#.#.©.#...#.#...#
[8.8#...#.8.#.8.#...###
..H.H.###.©.#.∩.#.#.©†#
=8.8#...#.8.#.8.#.###†.
#####.#.#.©.#...#.#...#
#.....#.#.8.#...#...###
#8........©.#.8.#######


You could see a minotaur.

Vanquished Creatures
  Harold (D:11)
  4 two-headed ogres
  Erica (D:11)
  A necromancer (Gauntlet)
  An ugly thing (D:11)
  An elephant (D:9)
  Joseph (D:9)
  Psyche (D:8)
  A queen bee (Gauntlet)
  2 trolls
  2 wyverns
  A vampire (D:6)
  5 yaks (D:9)
  A basilisk (D:9)
  A water moccasin (D:9)
  An acid dragon (D:11)
  4 orc warriors
  3 black bears
  2 necrophages
  An eye of draining (D:11)
  A sky beast (D:7)
  5 ice beasts
  2 phantoms (D:7)
  6 wolves (Gauntlet)
  8 ogres
  A centaur (D:7)
  A big kobold (D:7)
  6 bullfrogs
  A water moccasin skeleton (D:6)
  3 scorpions (D:11)
  7 killer bees
  5 howler monkeys
  7 wights
  A spectral bullfrog (D:10)
  8 hounds
  3 bullfrog zombies
  3 jellies
  10 orc priests
  4 bullfrog skeletons
  7 orc wizards
  2 iguanas (D:6)
  8 worker ants
  A centaur simulacrum (D:10)
  2 hound zombies
  A hound skeleton (D:6)
  A mummy (D:5)
  7 gnolls
  A howler monkey skeleton (D:5)
  14 adders
  A shadow imp (D:5)
  3 white imps
  4 ufetubi
  An adder skeleton (D:9)
  2 worms (D:2)
  2 dart slugs (D:1)
  2 leopard geckos
  46 orcs
  2 bats
  7 giant cockroaches
  4 goblins
  2 hobgoblins (D:1)
  21 jackals
  19 kobolds
  5 quokkas
  2 ball pythons
  A frilled lizard (D:1)
  A kobold zombie (D:5)
  An orc zombie (D:5)
  16 rats
303 creatures vanquished.

Vanquished Creatures (collateral kills)
  Maurice (D:11)
  Sigmund (D:2)
  Blork the orc (D:5)
  2 wights (D:9)
  2 gnolls (D:5)
  An orc (D:7)
8 creatures vanquished.

Vanquished Creatures (others)
  3 dancing weapons
  A fungus (D:9)
4 creatures vanquished.

Grand Total: 315 creatures vanquished

Notes
Turn   | Place    | Note
-------+----------+-------------------------------------------
     0 | D:1      | DocSulfur the Kobold Enchanter began the quest for the Orb.
     0 | D:1      | Reached XP level 1. HP: 10/10 MP: 3/3
   153 | D:1      | Reached XP level 2. HP: 15/15 MP: 5/5
   227 | D:1      | Learned a level 2 spell: Ensorcelled Hibernation
   627 | D:1      | Reached XP level 3. HP: 19/19 MP: 7/7
  1178 | D:2      | Found a white marble altar of Elyvilon.
  1488 | D:2      | Noticed Sigmund
  1995 | D:1      | Reached XP level 4. HP: 13/24 MP: 0/8
  2174 | D:2      | Reached skill level 1 in Ice Magic
  2359 | D:2      | Learned a level 3 spell: Confusing Touch
  2363 | D:2      | Learned a level 3 spell: Tukima's Dance
  3101 | D:3      | Reached XP level 5. HP: 20/28 MP: 5/10
  3759 | D:3      | Found a bloodstained altar of Trog.
  3789 | D:3      | Reached XP level 6. HP: 17/32 MP: 2/11
  4449 | D:3      | Learned a level 3 spell: Dazzling Flash
  4588 | D:4      | Found an ornate altar of the Wu Jian Council.
  4793 | D:4      | Found a burning altar of Makhleb.
  4796 | D:4      | Reached skill level 1 in Conjurations
  4977 | D:4      | Found a broken altar of Ashenzari.
  5116 | D:4      | Found a glowing golden altar of the Shining One.
  5166 | D:4      | Noticed an ogre
  5736 | D:4      | Found a runed translucent gate.
  5736 | D:4      | Found a runed translucent gate.
  5737 | D:4      | Found a runed translucent gate.
  5741 | D:4      | Noticed Veteran's ghost (amateur DDFi)
  5743 | D:4      | Identified the cursed +3 mace "Senlab" {vorpal, rN+ Int+6
                  | Stlth-}
  6066 | D:4      | Killed an ogre
  6067 | D:4      | Reached XP level 7. HP: 7/36 MP: 10/12
  6411 | D:5      | Entered Level 5 of the Dungeon
  7152 | D:5      | Noticed Blork the orc
  7181 | D:5      | Killed Blork the orc
  7258 | D:5      | Reached skill level 5 in Hexes
  8110 | D:5      | Reached XP level 8. HP: 41/41 MP: 10/13
  8229 | D:5      | Reached skill level 5 in Stealth
  8707 | D:2      | Killed Sigmund
  8990 | D:6      | Reached skill level 6 in Stealth
  9409 | D:6      | Reached skill level 5 in Short Blades
  9421 | D:6      | Noticed a vampire
  9545 | D:6      | Found a sacrificial altar of Ru.
  9547 | D:6      | Reached skill level 7 in Stealth
  9547 | D:6      | Reached XP level 9. HP: 45/45 MP: 14/14
  9706 | D:6      | Found a staircase to the Ecumenical Temple.
  9714 | Temple   | Entered the Ecumenical Temple
 10390 | D:7      | Reached skill level 8 in Stealth
 10886 | D:7      | Reached skill level 9 in Stealth
 11094 | D:7      | Found a shimmering blue altar of Sif Muna.
 11705 | D:7      | Reached skill level 10 in Stealth
 11754 | D:7      | HP: 2/45 [something (9)]
 12195 | D:8      | Found a shadowy altar of Dithmenos.
 12204 | D:8      | Became a worshipper of Dithmenos the Shadowed
 12266 | D:8      | Noticed Psyche
 12271 | D:8      | Killed Psyche
 12272 | D:8      | Reached XP level 10. HP: 50/50 MP: 15/15
 12426 | D:8      | Found an iron altar of Okawaru.
 12592 | D:8      | Reached skill level 11 in Stealth
 12701 | D:8      | Found a basalt altar of Yredelemnul.
 12781 | D:8      | Reached skill level 10 in Short Blades
 12916 | D:8      | Reached * piety under Dithmenos
 12946 | D:8      | Found a glowing silver altar of Zin.
 12946 | D:8      | Found a shadowy altar of Dithmenos.
 12946 | D:8      | Found a shadowy altar of Dithmenos.
 12950 | D:8      | Found a shimmering blue altar of Sif Muna.
 12950 | D:8      | Found a stormy altar of Qazlal.
 12951 | D:8      | Found a shimmering altar of Xom.
 13063 | D:9      | Found a blossoming altar of Fedhas.
 13382 | D:9      | Noticed Joseph
 13386 | D:9      | Killed Joseph
 13512 | D:9      | Noticed an elephant
 13531 | D:9      | Reached skill level 5 in Ice Magic
 13533 | D:9      | Reached skill level 5 in Spellcasting
 13582 | D:9      | Found Cheibriados's Comfort Zone.
 13584 | D:9      | Found a snail-covered altar of Cheibriados.
 13622 | D:9      | Found a sparkling altar of Nemelex Xobeh.
 14037 | D:9      | Found a staircase to the Lair.
 14054 | D:9      | Reached ** piety under Dithmenos
 14244 | D:9      | Reached XP level 11. HP: 54/54 MP: 19/19
 15048 | D:9      | Killed an elephant
 15169 | D:9      | Reached skill level 1 in Shields
 15324 | D:10     | Entered Level 10 of the Dungeon
 15484 | D:10     | Reached skill level 1 in Throwing
 15552 | D:10     | Noticed a two-headed ogre
 15556 | D:10     | Killed a two-headed ogre
 15599 | D:10     | Noticed a two-headed ogre
 15603 | D:10     | Killed a two-headed ogre
 15607 | D:10     | Got a warped scale mail
 15629 | D:10     | Identified the +3 scale mail "Saemis" {Harm +Inv Int-3}
                  | (You found it on level 10 of the Dungeon)
 15854 | D:10     | Noticed a two-headed ogre
 15858 | D:10     | Killed a two-headed ogre
 15859 | D:10     | Reached skill level 1 in Evocations
 16310 | D:10     | Found a runed translucent gate.
 16310 | D:10     | Found a runed translucent gate.
 16310 | D:10     | Found a runed translucent gate.
 16391 | D:10     | Noticed kelmiir's ghost (journeyman MiFi)
 16532 | D:11     | Noticed a purple ugly thing
 16536 | D:11     | Killed a purple ugly thing
 16537 | D:11     | Reached skill level 1 in Armour
 16542 | D:11     | Noticed Maurice
 16684 | D:11     | Killed Maurice
 16822 | D:11     | Noticed a two-headed ogre
 16826 | D:11     | Killed a two-headed ogre
 16827 | D:11     | Reached XP level 12. HP: 59/59 MP: 21/21
 16897 | D:11     | Noticed Erica
 16901 | D:11     | Killed Erica
 17031 | D:11     | Noticed Harold
 17034 | D:11     | Killed Harold
 17068 | D:11     | Reached skill level 5 in Evocations
 17207 | D:11     | Reached *** piety under Dithmenos
 17416 | D:12     | Found a gate leading to a gauntlet.
 17424 | Gauntlet | Entered a Gauntlet
 17424 | Gauntlet | Found a transporter.
 17441 | Gauntlet | Found a transporter.
 17448 | Gauntlet | Found a runed translucent door.
 17453 | Gauntlet | Found a transporter.
 17466 | Gauntlet | Found a transporter.
 17475 | Gauntlet | Noticed a great orb of eyes
 17478 | Gauntlet | Found a transporter.
 17494 | Gauntlet | Found a transporter.
 17540 | Gauntlet | Found a runed translucent door.
 17623 | Gauntlet | Found a transporter.
 17637 | Gauntlet | Found a transporter.
 17677 | Gauntlet | Found a transporter.
 17688 | Gauntlet | Found a transporter.
 17850 | Gauntlet | Found a transporter.
 17852 | Gauntlet | Found a transporter.
 18083 | Gauntlet | Found a transporter.
 18085 | Gauntlet | Found a transporter.
 18145 | Gauntlet | Identified the cursed +2 trident of Pealonietu {drain,
                  | Int+5}
 18145 | Gauntlet | Identified the ring "Lilol" {Wiz rC+ Int+6}
 18145 | Gauntlet | Noticed a minotaur
 18151 | Gauntlet | Hit by a silver javelin thrown by a minotaur

Illustrated notes

Levels and vault maps discovered:
D:1:      lemuel_arrival_muddy, layout_basic, minmay_rat_gold_closets
D:2:      layout_loops_ring, elyvilon_altar_1, kennysheep_generic_room_14,
          uniq_sigmund
D:3:      layout_loops_ring, lemuel_doored_altar, kennysheep_generic_room_10
D:4:      layout_loops_ring, evilmike_ruin_ashenzari, nzn_wu_jian_contemplation,
          tso_altar, biasface_ghost_orc_armoury, makhleb_blood_cavern_becter
D:5:      layout_basic, nicolae_ossuary_entry_giza, uniq_blork_the_orc
D:6:      layout_loops_ring, minmay_temple_entry_overgrown, hangedman_ru_absence
D:7:      layout_rooms, serial_rivers, chequers_serial_rivers_micro_b,
          chequers_serial_rivers_small_b, chequers_serial_rivers_small_a,
          chequers_serial_rivers_small_3, chequers_serial_rivers_large_a,
          chequers_serial_rivers_micro_d, basic_altar
D:8:      layout_cave_pools, doesnt_xom_only_xom,
          nicolae_dithmenos_through_a_glass_darkly, okawaru_trees_1,
          yredelemnul_forgotten_temple_becter, uniq_psyche
D:9:      layout_loops_ring, overflow_temple_1_default, old_standard_altar,
          david_lair_generic, minmay_shop_chei, kennysheep_generic_room_5,
          uniq_joseph
D:10:     layout_irregular_city, gammafunk_ghost_necromancy
D:11:     layout_rooms, st_stairs_1, uniq_harold, uniq_erica, uniq_maurice
D:12:     layout_irregular_city, orc_0_dummy, gauntlet_entry_generic
Temple:   jpeg_temple_clearing
Gauntlet: gammafunk_gauntlet_77_escape_option [minmay_gauntlet_arena_77_box,
          minmay_gauntlet_arena_77_cramped,
          minmay_gauntlet_arena_77_broken_ladder,
          minmay_gauntlet_arena_77_braids, minmay_gauntlet_arena_77_mess,
          nicolae_gauntlet_exit_dead_adventurers]

Skill      XL: |  1  2  3  4  5  6  7  8  9 10 11 12 |
---------------+-------------------------------------+-----
Spellcasting   | 3 5 6 |  6.0
Ice Magic      | 2 3 4 5 6 |  6.0
Hexes          | 4 5 6 7 8 |  8.1
Conjurations   | 1 3 4 |  4.0
Short Blades   | 2 5 9 10 | 10.3
Stealth        | 7 10 11 | 11.6
Dodging        | 4 |  4.9
Shields        | 3 4 |  4.9
Throwing       | 3 4 |  4.0
Evocations     | 3 5 |  5.8
Armour         | 1 3 |  3.5

Action                   |  1- 3 |  4- 6 |  7- 9 | 10-12 || total
-------------------------+-------+-------+-------+-------++-------
Melee: Dagger            |    70 |   144 |   282 |   199 ||   695
       Short sword       |       |       |       |   117 ||   117
       Scimitar          |       |       |       |     2 ||     2
Throw: Dart              |       |     4 |    15 |       ||    19
       Throwing net      |       |       |       |     1 ||     1
 Cast: Corona            |    12 |     8 |    15 |     6 ||    41
       Ensorcelled Hiber |     7 |    44 |    56 |    47 ||   154
       Confusing Touch   |       |     9 |    27 |    21 ||    57
       Tukima's Dance    |       |     6 |    12 |    11 ||    29
       Dazzling Flash    |       |       |       |    28 ||    28
Evoke: Wand              |       |       |       |     2 ||     2
  Use: Scroll            |     2 |     2 |     7 |    13 ||    24
       Potion            |     1 |       |       |     2 ||     3
 Stab: Sleeping          |    27 |    42 |    49 |    85 ||   203
       Confused          |       |     3 |    31 |    19 ||    53
       Distracted        |       |       |     2 |     4 ||     6
       Invisible         |       |       |       |    24 ||    24
Armor: Robe              |    15 |    24 |    46 |    22 ||   107
       Scale mail        |       |       |       |     9 ||     9
Dodge: Dodged            |    91 |   112 |   177 |   165 ||   545
Block: Buckler           |       |       |       |    32 ||    32

Table legend: (Time is in decaauts)
 A = Elapsed time spent in this place.
 B = Non-inter-level travel time spent in this place.
 C = Inter-level travel time spent in this place.
 D = Time resting spent in this place.
 E = Time spent auto-exploring this place.
 F = Levels seen in this place.
 G = Mean time per level.
                   A        B        C        D        E       F      G
               +--------+--------+--------+--------+--------+-----+--------+
         Total |  17959 |  17330 |    629 |   2350 |   6694 |  14 | 1282.8 |
       Dungeon |  17107 |  16478 |    629 |   2189 |   6360 |  12 | 1425.6 |
        Temple |    141 |    141 |      0 |      0 |    128 |   1 |  141.0 |
      Gauntlet |    709 |    709 |      0 |    161 |    206 |   1 |  709.0 |
               +--------+--------+--------+--------+--------+-----+--------+

Top non-repeatable levels by time:
     D:4: 2799 daAuts
     D:6: 1941 daAuts
     D:9: 1806 daAuts
     D:2: 1768 daAuts
     D:3: 1627 daAuts
     D:7: 1527 daAuts
     D:5: 1411 daAuts
     D:1: 1404 daAuts
    D:10: 1024 daAuts
     D:8: 861 daAuts
    D:11: 827 daAuts
Gauntlet: 709 daAuts
  Temple: 141 daAuts
    D:12: 108 daAuts
